 Dungeon Crawl Stone Soup version 0.23-a0-14-g8c9a20f (webtiles) character file.

110 wissler1 the Sneak (level 4, -3/34 HPs)
             Began as a Demonspawn Assassin on Aug 2, 2018.
             Splashed by Ijyb's acid (10 damage)
             ... on level 3 of the Dungeon.
             The game lasted 00:10:37 (1693 turns).

wissler1 the Sneak (Demonspawn Assassin)            Turns: 1693, Time: 00:10:38

Health: -3/34      AC:  3    Str: 14    XL:     4   Next: 61%
Magic:  4/4        EV: 12    Int: 13    God:
Gold:   94         SH:  0    Dex: 14    Spells: 3/3 levels left

rFire    . . .     SeeInvis .   b - +0 blowgun
rCold    . . .     Gourm    .   (no shield)
rNeg     . . .     Faith    .   c - +0 robe
rPois    .         Spirit   .   (no helmet)
rElec    .         Reflect  .   d - +0 cloak
rCorr    .         Harm     .   (no gloves)
MR       .....                  (no boots)
Stlth    +++.......             j - amulet of rage
HPRegen  0.11/turn              v - +2 ring of strength
MPRegen  0.09/turn              (no ring)

@: no status effects
A: powered by death 1
a: Evoke Berserk Rage


You were on level 3 of the Dungeon.
You were not hungry.

You visited 1 branch of the dungeon, and saw 4 of its levels.

You collected 94 gold pieces.

Inventory:

Hand Weapons
 a - a +2 dagger
 b - a +0 blowgun (weapon)
 l - a +0 hunting sling
 o - a +0 halberd
Missiles
 e - 18 poisoned needles (quivered)
 f - 2 curare-tipped needles
 h - 18 bolts
 r - 39 arrows
Armour
 c - a +0 robe (worn)
 d - a +0 cloak (worn)
 n - a +0 ring mail
Jewellery
 j - an amulet of rage (around neck)
 v - a +2 ring of strength (left hand)
Scrolls
 i - a scroll of enchant armour {unknown}
 k - a scroll of teleportation {unknown}
 m - a scroll of enchant weapon {unknown}
 p - a scroll of remove curse {unknown}
 q - a scroll of magic mapping {unknown}
 u - a scroll of identify {unknown}
Potions
 s - a potion of curing {unknown}
 t - a potion of brilliance {unknown}
Comestibles
 g - 2 rations


   Skills:
 + Level 2.7 Fighting
 + Level 2.6 Short Blades
 * Level 3.1 Throwing
 - Level 0.9 Dodging
 - Level 4.0 Stealth
 + Level 0.1 Evocations


You had 3 spell levels left.
You didn't know any spells.
Your spell library was empty.

Dungeon Overview and Level Annotations

Branches:
Dungeon (4/15)
 Temple: D:4-7

Altars:
Okawaru

Annotations:
D:3 Ijyb


Innate Abilities, Weirdness & Mutations

You regenerate a little health from kills.


Message History

You shoot a poisoned needle. The poisoned needle hits Ijyb!
Ijyb is poisoned.
Ijyb hits you but does no damage. The orc barely misses you.
The orc closely misses you.
Firing (i - inventory. (/) - cycle)
e - 20 poisoned needles (quivered)
Press: ? - help, Shift-Dir - straight line, f - orc, p - Ijyb
Aim: an orc, wielding a hand axe You shoot a poisoned needle.
The poisoned needle barely misses the orc.
Ijyb screams, "Me kill you!" Ijyb barely misses you.
The orc hits you but does no damage. x2
You see here 14 sling bullets.
Firing (i - inventory. (/) - cycle)
e - 19 poisoned needles (quivered)
Press: ? - help, Shift-Dir - straight line, f/p - orc
Aim: an orc, wielding a hand axe You shoot a poisoned needle.
The poisoned needle hits the orc.
The orc is poisoned.
Ijyb zaps a wand.
The bolt of acid hits you!
Ouch! That really hurt!
* * * LOW HITPOINT WARNING * * *
You are splashed with acid!
The acid burns!
You die...

###.#8...8#..# #.#
.##...##..######.#
##...##.........#
##...###.########
#8...8#.>.....# #
####...##.......#
###8##...##..(....#
.........##....oo.#
.........⌠#....g@.#
.........##.......#
###8##...##.......#
# ####...##.......#
#8...8##.######
##...###.# #...#
..# #...## 8...8


You could see Ijyb and 2 orcs.

Vanquished Creatures
  3 gnolls (D:2)
  3 adders (D:2)
  2 oozes (D:3)
  A worm (D:2)
  A dart slug (D:2)
  5 giant cockroaches
  3 goblins
  3 hobgoblins
  4 kobolds
  7 bats
  7 frilled lizards
  7 rats
46 creatures vanquished.

Notes
Turn   | Place    | Note
-------+----------+-------------------------------------------
     0 | D:1      | wissler1 the Demonspawn Assassin began the quest for the Orb.
     0 | D:1      | Reached XP level 1. HP: 16/16 MP: 1/1
   384 | D:1      | Reached skill level 4 in Stealth
   384 | D:1      | Gained mutation: You regenerate a little health from kills. [demonic ancestry]
   384 | D:1      | Reached XP level 2. HP: 20/22 MP: 2/2
   679 | D:2      | Found an iron altar of Okawaru.
   738 | D:2      | Reached XP level 3. HP: 3/28 MP: 3/3
   952 | D:2      | Reached XP level 4. HP: 20/34 MP: 4/4
  1677 | D:4      | Noticed Ijyb
  1693 | D:3      | Splashed by Ijyb's acid

Vault maps used:
D:1:      lightli_arrival_isolated_outpost, minmay_distorted
D:2:      lemuel_crystal_altar
D:3:      chequers_ecumenical_altar_twisty, serial_corexii_hall,
          corexii_hall_statues_l, corexii_hall_statues_i,
          corexii_hall_statues_t, corexii_hall_statues_t
D:4:      uniq_ijyb

Skill      XL: |  1  2  3  4 |
---------------+-------------+-----
Stealth        | 4 |  4.0
Short Blades   | 2 |  2.6
Throwing       | 2 3 |  3.1
Fighting       | |  2.7
Dodging        | |  0.9
Evocations     | |  0.1

Action                   |  1- 3 |  4- 6 || total
-------------------------+-------+-------++-------
Melee: Dagger            |    70 |    95 ||   165
 Fire: Blowgun           |    12 |     8 ||    20
 Abil: Evoke Berserk Rag |     1 |       ||     1
  Use: Potion            |     2 |       ||     2
 Stab: Sleeping          |     6 |     2 ||     8
  Eat: Ration            |       |     1 ||     1
Armor: Robe              |    22 |    30 ||    52
Dodge: Dodged            |    56 |    65 ||   121

Table legend:
 A = Spawn XP
 B = Non-spawn XP
 C = Spawn XP percentage of total XP
 D = Spawn monster count
 E = Non-spawn monster count
 F = Spawn count percentage of total count
 G = Total turns spent on level
                    A         B        C        D         E        F      G
               +---------+---------+-------+---------+---------+-------+---------
         Total |       0 |     158 |   0.0 |       0 |      46 |   0.0 |  1693
               +---------+---------+-------+---------+---------+-------+---------
           D:1 |       0 |      16 |   0.0 |       0 |      12 |   0.0 |   605
           D:2 |       0 |     117 |   0.0 |       0 |      25 |   0.0 |   831
           D:3 |       0 |      25 |   0.0 |       0 |       9 |   0.0 |   253
               +---------+---------+-------+---------+---------+-------+---------
